 Dungeon Crawl Stone Soup version 0.29-a0-582-ge82337ba6a (webtiles) character file.

Game seed: 12368556994987282074

460 vineage the Skirmisher (level 7, -10/47 HPs)
             Began as a Gargoyle Fighter on June 14, 2022.
             Mangled by an ogre
             ... wielding a +0 giant spiked club
              (17 damage)
             ... on level 4 of the Dungeon.
             The game lasted 00:04:21 (3385 turns).

vineage the Skirmisher (Gargoyle Fighter)           Turns: 3385, Time: 00:04:22

Health: -10/47     AC: 12    Str: 19    XL:     7   Next: 7%
Magic:  7/7        EV:  9    Int: 12    God:
Gold:   267        SH:  4    Dex: 11    Spells: 6/6 levels left

rFire   . . .      SeeInvis +   q - +7 hand axe "Yxukh" {vorpal, Int+3}
rCold   . . .      Faith    .   c - +0 buckler
rNeg    + . .      Spirit   .   b - +0 scale mail
rPois   ∞          Reflect  .   m - +1 hat
rElec   +          Harm     .   (no cloak)
rCorr   .          Rampage  .   (no gloves)
Will    .....                   (no boots)
Stlth   ..........              (no amulet)
HPRegen 0.15/turn               k - ring of see invisible
MPRegen 0.10/turn               (no ring)

@: invisible
A: sickness immunity, AC +4, negative energy resistance 1, electricity
resistance, torment resistance 1, petrification resistance
a: no special abilities


You were on level 4 of the Dungeon.
You visited 1 branch of the dungeon, and saw 4 of its levels.

You collected 267 gold pieces.

Inventory:

Hand Weapons
 a - a +0 flail
 q - the +7 hand axe "Yxukh" (weapon) {vorpal, Int+3}
   (You found it on level 3 of the Dungeon)

   It inflicts extra damage upon your enemies.
   Int:       It affects your intelligence (+3).
Armour
 b - a +0 scale mail (worn)
 c - a +0 buckler (worn)
 m - a +1 hat (worn)
 t - a +0 helmet
Jewellery
 k - a ring of see invisible (left hand)
 s - a +6 ring of intelligence
Wands
 i - a wand of flame (25)
Scrolls
 d - a scroll of silence {unknown}
 h - 4 scrolls of magic mapping
 j - a scroll of amnesia {unknown}
 p - a scroll of fog {unknown}
 r - a scroll of enchant armour {unknown}
Potions
 e - 3 potions of heal wounds {unknown}
 f - 2 potions of haste
 g - a potion of lignification
 n - 3 potions of cancellation
 o - a potion of berserk rage {unknown}


   Skills:
 * Level 6.7 Fighting
 - Level 5.0 Maces & Flails
 - Level 3.2 Armour
 - Level 3.2 Shields


You had 6 spell levels left.
You didn't know any spells.
Your spell library contained the following spells:

 Spells                   Type           Power      Damage    Failure   Level
 Apportation              Tloc           0%         N/A       78%         1
 Necrotize                Necr           0%         1d4       78%         1
 Summon Small Mammal      Summ           0%         N/A       78%         1


Dungeon Overview and Level Annotations

Branches:
Dungeon (4/15)
 Temple: D:4-7

Altars:
Cheibriados

Shops:
D:2 (   D:3 ((([   D:4 *


Innate Abilities, Weirdness & Mutations

You are immune to sickness and miasma.
Your stone body is resilient. (AC +4)
You are immune to poison.
You resist negative energy. (rN+)
You are resistant to electric shocks. (rElec)
You are resistant to unholy torment.
You are immune to petrification.


Message History

No target in view!
There is an escape hatch in the floor here.
You see here a +0 helmet.
t - a +0 helmet You see here a +0 trident.
Found a stone staircase leading up.
Found a chain mail.
You open the door.
Found a hand axe.
There is an open door here.
You open the door.
There is an open door here.
Found Isut's General Store.
There is an entrance to Isut's General Store here.
An ogre comes into view. It is wielding a +0 giant spiked club.
The ogre shouts!
An ogre is nearby!
An ogre is nearby!
The ogre hits you with a +0 giant spiked club!!
You barely miss the ogre. You block the ogre's attack.
You slash the ogre!
The ogre is moderately wounded.
The ogre hits you with a +0 giant spiked club!!
* * * LOW HITPOINT WARNING * * *
You are too injured to fight recklessly!
You are too injured to fight recklessly!
You are too injured to fight recklessly!
You are too injured to fight recklessly!
You are too injured to fight recklessly!
You are too injured to fight recklessly!
You are too injured to fight recklessly!
You are too injured to fight recklessly!
You are too injured to fight recklessly!
You are too injured to fight recklessly!
You are too injured to fight recklessly!
You fade into invisibility!
You hit the ogre.
The ogre is severely wounded.
The ogre hits you with a +0 giant spiked club!
You die...

#...8.8.....#..###.#
###..8...8.##.##.###.#
#...8..∩..8...##..##.#
#....8...8....###.##.#
.......8.8.....#
#..#.#
###......8......#
##.#.#
...............#
#.#.#####
#########.....##
#.#...... #.@...#
#.#......
#.O....####'#......
###....##..........
....##......###.
....##......# #.
....##......# #.
######......# #.
#......# #.
#.....<###.


You could see an ogre (can't see you).

Vanquished Creatures
  Sigmund (D:2)
  An ice beast (D:3)
  A hound (D:4)
  An orc priest (D:4)
  An iron imp (D:3)
  An iguana (D:4)
  3 adders
  2 worms
  12 endoplasms
  2 giant cockroaches
  4 goblins
  4 hobgoblins
  10 jackals (D:1)
  A quokka (D:4)
  6 ball pythons
  4 bats
  A frilled lizard (D:2)
  10 kobolds
  7 rats
72 creatures vanquished.

Notes
Turn   | Place    | Note
-------+----------+-------------------------------------------
     0 | D:1      | vineage the Gargoyle Fighter began the quest for the Orb.
     0 | D:1      | Reached XP level 1. HP: 14/14 MP: 1/1
    94 | D:1      | Reached XP level 2. HP: 17/19 MP: 2/2
   446 | D:1      | Reached XP level 3. HP: 20/24 MP: 3/3
   506 | D:1      | Reached skill level 4 in Fighting
   854 | D:2      | Reached XP level 4. HP: 30/30 MP: 4/4
  1064 | D:2      | Found Desaojib's Antique Weapon Shop.
  1166 | D:2      | Noticed Sigmund
  1183 | D:2      | Killed Sigmund
  1184 | D:2      | Reached skill level 5 in Fighting
  1184 | D:2      | Reached XP level 5. HP: 26/35 MP: 5/5
  1184 | D:2      | Reached XP level 6. HP: 29/40 MP: 6/6
  1668 | D:3      | Found Fuick's Antique Weapon Shop.
  1710 | D:3      | Found Huecs's Armour Shoppe.
  1824 | D:3      | Noticed an ice beast
  1845 | D:3      | Killed an ice beast
  1996 | D:3      | Found Hamuv's Antique Weapon Boutique.
  2174 | D:3      | Found a snail-covered altar of Cheibriados.
  2186 | D:3      | Reached skill level 6 in Fighting
  2186 | D:3      | Reached skill level 5 in Maces & Flails
  2300 | D:3      | Found Siham's Antique Weapon Boutique.
  2441 | D:3      | Found a faded altar of an unknown god.
  2596 | D:3      | Identified the +7 hand axe "Yxukh" {vorpal, Int+3}
  2987 | D:4      | Reached XP level 7. HP: 47/47 MP: 7/7
  3365 | D:4      | Found Isut's General Store.
  3385 | D:4      | Mangled by an ogre

Illustrated notes

Levels and vault maps discovered:
D:1:      dpeg_arrival_arbitrary_c, layout_loops_cross
D:2:      layout_loops_ring, serial_shops, shop, minmay_bisected, uniq_sigmund
D:3:      layout_basic, chei_slow_surprise,
          hellmonk_ecumenical_altar_crossroads, serial_shops,
          nicolae_diamond_shop, shop, nicolae_square_shop, shop,
          amcnicky_mini_rare_corridor_liquid, serial_bayou_pond_a
D:4:      layout_basic, serial_shops, nicolae_diamond_shop, minmay_starry_boxes

Skill      XL: |  1  2  3  4  5  6 |
---------------+-------------------+-----
Fighting       | 4 5 6 |  6.7
Maces & Flails | 3 4 5 |  5.0
Armour         | |  3.2
Shields        | |  3.2

Action                   |  1- 3 |  4- 6 |  7- 9 || total
-------------------------+-------+-------+-------++-------
Melee: Flail             |   101 |    88 |       ||   189
       Hand axe          |       |    22 |     6 ||    28
  Use: Scroll            |       |     8 |       ||     8
       Potion            |       |     2 |     1 ||     3
 Stab: Invisible         |       |     3 |       ||     3
Armor: Scale mail        |    70 |    41 |     2 ||   113
Dodge: Dodged            |    62 |    48 |     3 ||   113
Block: Buckler           |    26 |    20 |     2 ||    48

Table legend: (Time is in decaauts)
 A = Elapsed time spent in this place.
 B = Non-inter-level travel time spent in this place.
 C = Inter-level travel time spent in this place.
 D = Time resting spent in this place.
 E = Time spent auto-exploring this place.
 F = Levels seen in this place.
 G = Mean time per level.
                   A        B        C        D        E       F      G
               +--------+--------+--------+--------+--------+-----+--------+
         Total |   3440 |   3293 |    147 |      0 |   2764 |   4 |  860.0 |
       Dungeon |   3440 |   3293 |    147 |      0 |   2764 |   4 |  860.0 |
               +--------+--------+--------+--------+--------+-----+--------+

Top non-repeatable levels by time:
     D:3: 1321 daAuts
     D:1: 836 daAuts
     D:2: 793 daAuts
     D:4: 488 daAuts
